 Dungeon Crawl Stone Soup version 0.30.1-9-gdf580d7c3d (webtiles) character file.

Game seed: 12855748572115230331

79 Chiseanne the Chopper (level 4, -4/35 HPs)
             Began as a Demonspawn Wanderer on Oct 3, 2023.
             Slain by a kobold
             ... wielding a +1 short sword of electrocution
              (15 damage)
             ... on level 2 of the Dungeon.
             The game lasted 00:02:31 (1548 turns).

Chiseanne the Chopper (Demonspawn Wanderer)         Turns: 1548, Time: 00:02:31

Health: -4/35      AC:  5    Str: 14    XL:     4   Next: 16%
Magic:  4/4        EV: 11    Int: 17    God:
Gold:   100        SH:  4    Dex: 15    Spells: 3/3 levels left

rFire   . . .        a - +1 war axe
rCold   . . .        (no shield)
rNeg    . . .        d - +0 ring mail
rPois   .            (no helmet)
rElec   .            (no cloak)
rCorr   .            (no gloves)
SInv    .            (no boots)
Will    .....        (no amulet)
Stlth   +            b - +6 ring of intelligence
HPRegen 0.25/turn    (no ring)
MPRegen 0.09/turn

%: no passive effects
@: no status effects
A: powered by pain 1, condensation shield
a: no special abilities


You were on level 2 of the Dungeon.
You visited 1 branch of the dungeon, and saw 2 of its levels.

You collected 100 gold pieces.

Inventory:

Hand Weapons
 a - a +1 war axe (weapon)
Missiles
 j - 21 stones
 l - 5 poisoned darts
Armour
 d - a +0 ring mail (worn)
Jewellery
 b - a +6 ring of intelligence (left hand)
Wands
 c - a wand of polymorph (4) (quivered)
Potions
 e - a potion of brilliance
 m - a potion of lignification


   Skills:
 * Level 3.0 Fighting
 - Level 1.7 Short Blades
 - Level 3.6 Axes
 * Level 1.8 Armour
 * Level 2.1 Dodging
 - Level 1.0 Evocations


You had 3 spell levels left.
You didn't know any spells.
Your spell library was empty.

Dungeon Overview and Level Annotations

Branches:
Dungeon (2/15)

Altars:

Annotations:
D:1 2 transporters


Innate Abilities, Weirdness & Mutations

You sometimes gain a little power by taking damage.
A meltable shield of frost defends you. (SH +4)


Message History

The frilled lizard closely misses you.
You miss the frilled lizard. The frilled lizard misses you.
You closely miss the frilled lizard.
The frilled lizard bites you but does no damage.
You slash the frilled lizard!
You kill the frilled lizard!
No target in view!
No target in view!
No target in view!
No target in view!
No target in view!
No target in view!
No target in view!
No target in view!
You see here a frilled lizard corpse.
A kobold comes into view.
It is wielding a +1 short sword of electrocution.
The kobold shouts!
You barely miss the kobold. The kobold barely misses you.
You hit the kobold. Your punch misses the kobold.
The kobold is moderately wounded.
The kobold hits you with a +1 short sword of electrocution.
You closely miss the kobold.
The kobold is moderately wounded.
The kobold barely misses you. The kobold closely misses you.
You closely miss the kobold.
The kobold is moderately wounded.
The kobold hits you with a +1 short sword of electrocution.
You hit the kobold but do no damage.
The kobold is moderately wounded.
The kobold hits you but does no damage.
You are electrocuted!!
Ouch! That really hurt!
You closely miss the kobold.
The kobold is moderately wounded.
You block the kobold's attack.
You hit the kobold.
The kobold is heavily wounded.
The kobold barely misses you.
The kobold hits you with a +1 short sword of electrocution.
You are electrocuted!
You die...

#.#
#.#############
#.............#
##
#############.#
.. #.# .# #.#
.# #.# .#
#.##K# #..@.#
####.# ##


You could see a kobold.

Vanquished Creatures
  Jessica (D:2)
  An adder (D:2)
  3 dart slugs (D:2)
  2 ball pythons (D:2)
  2 bats
  5 endoplasms (D:2)
  A giant cockroach (D:1)
  3 goblins
  3 hobgoblins (D:1)
  7 jackals (D:1)
  A quokka (D:2)
  A frilled lizard (D:2)
  3 kobolds
33 creatures vanquished.

Notes
Turn   | Place    | Note
-------+----------+-------------------------------------------
     0 | D:1      | Chiseanne the Demonspawn Wanderer began the quest for the
                  | Orb.
     0 | D:1      | Chiseanne set off with the following items: a +0 war axe, a
                  | +0 short sword, a wand of polymorph (4), a potion of
                  | attraction, a +0 leather armour.
     0 | D:1      | Reached XP level 1. HP: 16/16 MP: 1/1
   297 | D:1      | Gained mutation: You sometimes gain a little power by
                  | taking damage. [demonic ancestry]
   297 | D:1      | Reached XP level 2. HP: 10/22 MP: 2/2
   393 | D:1      | Reached skill level 1 in Armour
  1049 | D:2      | Gained mutation: A meltable shield of frost defends you.
                  | (SH +4) [demonic ancestry]
  1049 | D:2      | Reached XP level 3. HP: 25/28 MP: 3/3
  1262 | D:2      | Noticed Jessica
  1283 | D:2      | Killed Jessica
  1284 | D:2      | Reached XP level 4. HP: 32/35 MP: 4/4
  1548 | D:2      | Slain by a kobold

Illustrated notes

Levels and vault maps discovered:
D:1:      spicycebolla_arrival_transporter_tutorial, layout_basic
D:2:      layout_basic, minmay_misc_feat_rugged, uniq_jessica

Skill      XL: |  1  2  3 |
---------------+----------+-----
Armour         | 1 |  1.8
Fighting       | 3 |  3.0
Dodging        | 2 |  2.1
Short Blades   | |  1.7
Axes           | |  3.6
Evocations     | |  1.0

Action                     |  1- 3 |  4- 6 || total
---------------------------+-------+-------++-------
  Melee: War axe           |    87 |    18 ||   105
    Use: Scroll            |     6 |     2 ||     8
 Armour: Leather armour    |    27 |       ||    27
         Ring mail         |     4 |     4 ||     8
  Dodge: Dodged            |    82 |     8 ||    90
  Block: Other             |     4 |     2 ||     6
